details: 'know that it was i'

« prev index next »

General information

Mini Map

Players

team 1
Orcofficerdoofy (orange | 0 APM | 0 actions | 00:04)
NightElfcaliper (pink | 88 APM | 13 actions | 00:08)

» actions
Build / train3
Enter build submenu1
Right click2
Select / deselect5
Use ability2
13 total
» units
Wisp3
3 total
» buildings
Altar of Elders1
1 total
» build order
00:06 Altar of Elders
OrcDothroki (yellow | 0 APM | 0 actions | 07:11)
Random» HumanUPGRADE205 (purple | 37 APM | 8 actions | 00:13)

» actions
Build / train2
Right click3
Select / deselect3
8 total
» units
Peasant2
2 total
team 2
HumanICan'tMove! (teal | 28 APM | 200 actions | 07:13)

» actions
Build / train19
Enter build submenu15
Right click55
Select / deselect87
Use ability24
200 total
» units
Peasant8
8 total
» buildings
Lumber Mill1
Scout Tower18
Guard Tower11
30 total
» build order
00:54 Lumber Mill
01:11 Scout Tower
01:38 Scout Tower
01:48 Scout Tower
02:09 Guard Tower
02:32 Guard Tower
02:36 Guard Tower
03:16 Scout Tower
03:17 Scout Tower
03:20 Scout Tower
03:21 Scout Tower
03:29 Scout Tower
03:31 Scout Tower
03:35 Scout Tower
03:43 Guard Tower
04:12 Guard Tower
04:14 Guard Tower
05:01 Scout Tower
05:02 Scout Tower
05:05 Scout Tower
05:07 Scout Tower
05:12 Scout Tower
05:13 Scout Tower
05:15 Scout Tower
05:15 Scout Tower
05:35 Guard Tower
05:40 Guard Tower
05:57 Guard Tower
05:57 Guard Tower
06:07 Guard Tower
OrcGo4It (blue | 63 APM | 452 actions | 07:11)
Hero icon 2 Far Seer
Ability icon 1 Feral Spirit
Ability icon 1 Chain Lighting
Hero icon 2 Archmage
Ability icon 1 Summon Water Elemental
Ability icon 1 Brilliance Aura

» actions
Basic commands15
Build / train27
Enter build submenu14
Enter hero's abilities submenu5
Remove unit from queue2
Right click215
Select / deselect152
Use ability22
452 total
» units
Peon6
Peasant3
Grunt5
Troll Headhunter/Berserker3
17 total
» buildings
Altar of Storms2
Orc Burrow4
Altar of Kings1
Farm2
Barracks1
War Mill1
Watch Tower2
Stronghold1
14 total
» build order
00:10 Altar of Storms
00:15 Altar of Storms
00:17 Orc Burrow
00:38 Altar of Kings
00:41 Farm
00:57 Barracks
01:46 Farm
02:06 Orc Burrow
02:30 War Mill
04:35 Watch Tower
04:51 Watch Tower
05:55 Stronghold
05:59 Orc Burrow
06:57 Orc Burrow
Orcwolfgod (green | 0 APM | 0 actions | 07:11)
HumanPetrovich (red | 30 APM | 9 actions | 00:17)

» actions
Basic commands1
Build / train3
Right click2
Select / deselect3
9 total
» units
Peasant3
3 total

Chat log

(00:17 / All) ICan'tMove!: You fear my might!
(00:19 / All) ICan'tMove!: All know my name!

(06:24 / All) ICan'tMove!: Know that it was I that destroyed you! Through the possession of my slave workforce!